 Dungeon Sprint DCSS version 0.17-a0-1324-ga541562 (webtiles) character file.

774 Hexogeno the Cleaver (level 7, 0/67 HPs)
             Began as a Minotaur Gladiator on June 9, 2015.
             Killed from afar by an electric eel (6 damage)
             ... with a bolt of electricity
             ... in the Dungeon (Sprint II: "The Violet Keep of Menkaure").
             The game lasted 00:07:08 (888 turns).

Hexogeno the Cleaver (Minotaur Gladiator)            Turns: 888, Time: 00:07:08

Health: 0/67       AC:  3    Str: 21    XL:     7   Next: 53%
Magic:  6/6        EV: 17    Int:  5    God:
Gold:   486        SH:  0    Dex: 11    Spells: 0 memorised, 6 levels left

rFire  . . .     SeeInvis .     a - +0 war axe
rCold  . . .     Clarity  .     b - +0 leather armour
rNeg   . . .     SustAt   .     (no shield)
rPois  .         Gourm    .     c - +0 hat
rElec  .         Spirit   .     (no cloak)
rCorr  .         Warding  .     (no gloves)
rMut   .         NoTele   +     (no boots)
MR     .....                    (no amulet)
Stlth  +.........               (no ring)
                                (no ring)

@: not resistant to hostile enchantments, very unstealthy
A: retaliatory headbutt, horns 2
a: no special abilities


You were in the Dungeon.
You were full.

You visited 1 branch You collected 486 gold pieces.

Inventory:

Hand weapons
 a - a +0 war axe (weapon)
Missiles
 d - 3 throwing nets (quivered)
Armour
 b - a +0 leather armour (worn)
 c - a +0 hat (worn)
Scrolls
 k - a scroll of blinking
Potions
 f - a potion of curing
 g - a potion of heal wounds
 h - a potion of haste
 i - 2 potions of magic
 j - a potion of berserk rage
Comestibles
 l - 2 chunks of flesh


   Skills:
 + Level 7.8 Fighting
 + Level 12.9 Axes
 - Level 2.0 Throwing
 + Level 3.4 Armour
 + Level 11.8 Dodging
 + Level 0.8 Stealth


You had 6 spell levels left.
You didn't know any spells.

Dungeon Overview and Level Annotations

Branches:
Dungeon (1/1)

Altars:
Dithmenos
Kikubaaqudgha
Nemelex Xobeh
Okawaru
Qazlal
Ru
Trog
Vehumet
Xom
Yredelemnul
Zin
The Shining One
Jiyva
Lugonu

Annotations:
D exclusion: orange crystal statue


Innate Abilities, Weirdness & Mutations

You reflexively headbutt those who attack you in melee.
You have a pair of horns on your head.


Message History

The electric eel shoots out a bolt of lightning at you!
The bolt of electricity misses you.
The electric eel shoots out a bolt of lightning at you!
The bolt of electricity misses the electric eel.
The bolt of electricity hits you!
* * * LOW HITPOINT WARNING * * *
There is an open gate here.
You enter the shallow water.
Moving in this stuff is going to be slow.
You are standing in the rain.
The electric eel shoots out a bolt of lightning at you!
The bolt of electricity misses you.
The electric eel shoots out a bolt of lightning at you!
The bolt of electricity hits the electric eel.
The electric eel completely resists.
The bolt of electricity hits you!
* * * LOW HITPOINT WARNING * * *
Unknown command.
The electric eel shoots out a bolt of lightning at you!
The bolt of electricity misses you. The bolt of electricity hits you!
You die...

##'# #.##M.#
##.###..#..# #
+.<.'##†'..### .##
##.##.#.#....###...
#÷###.##......≈≈≈≈
##.#.####≈≈.....≈#+#
#.###.#≈≈≈≈≈≈≈..≈#..
#≈##.#.##≈≈≈≈≈§≈≈.≈#..
#≈≈##@##≈≈≈§≈§≈≈≈≈≈#._
#≈≈≈≈≈≈≈≈≈≈≈≈§≈§≈≈#_.
#+++#'''#≈≈≈≈§≈≈§≈#._
#≈;;;;;≈##§≈≈###≈≈#_.
#≈§§;;;§≈≈##§§ #§§#._
+≈≈§§§§§≈≈≈≈+≈§ #..
##≈≈§§§≈≈≈≈##
##§§§§§≈≈## ####+####


You could see 7 electric eels.

Vanquished Creatures
  2 hippogriffs (D)
  Menkaure (D)
  A crocodile (D)
  4 brain worms (D)
  3 worker ants (D)
11 creatures vanquished.

Vanquished Creatures (others)
  A worker ant (D)
1 creature vanquished.

Grand Total: 12 creatures vanquished

Notes
Turn   | Place    | Note
--------------------------------------------------------------
     0 | D        | Hexogeno the Minotaur Gladiator began the quest for the Orb.
     0 | D        | Reached XP level 1. HP: 18/18 MP: 0/0
     1 | D        | Noticed a brain worm
    10 | D        | Killed a brain worm
    10 | D        | Reached skill level 4 in Fighting
    10 | D        | Reached skill level 7 in Axes
    10 | D        | Reached XP level 2. HP: 20/27 MP: 1/1
    10 | D        | Reached XP level 3. HP: 24/33 MP: 2/2
    10 | D        | Reached XP level 4. HP: 29/40 MP: 3/3
    93 | D        | Noticed a brain worm
    96 | D        | Killed a brain worm
    96 | D        | Reached skill level 8 in Axes
    97 | D        | Noticed a brain worm
    97 | D        | Noticed a brain worm
   101 | D        | Killed a brain worm
   101 | D        | Reached skill level 5 in Fighting
   101 | D        | Reached skill level 10 in Axes
   101 | D        | Reached XP level 5. HP: 36/48 MP: 4/4
   103 | D        | Killed a brain worm
   103 | D        | Reached skill level 1 in Armour
   207 | D        | Noticed a crocodile
   209 | D        | Killed a crocodile
   209 | D        | Reached skill level 11 in Axes
   209 | D        | Reached XP level 6. HP: 54/58 MP: 5/5
   213 | D        | Found a shadowy altar of Dithmenos.
   213 | D        | Found a shimmering altar of Xom.
   214 | D        | Found a radiant altar of Vehumet.
   214 | D        | Found a glowing silver altar of Zin.
   215 | D        | Found a corrupted altar of Lugonu.
   215 | D        | Found a bloodstained altar of Trog.
   215 | D        | Found a viscous altar of Jiyva.
   216 | D        | Found a sacrificial altar of Ru.
   216 | D        | Found an ancient bone altar of Kikubaaqudgha.
   216 | D        | Found a glowing golden altar of the Shining One.
   217 | D        | Found a sparkling altar of Nemelex Xobeh.
   217 | D        | Found an iron altar of Okawaru.
   217 | D        | Found a stormy altar of Qazlal.
   218 | D        | Found a basalt altar of Yredelemnul.
   231 | D        | Noticed Menkaure
   232 | D        | Noticed an orange crystal statue
   259 | D        | Killed Menkaure
   259 | D        | Reached skill level 10 in Dodging
   506 | D        | Noticed a worker ant
   506 | D        | Noticed a worker ant
   506 | D        | Noticed a worker ant
   509 | D        | Killed a worker ant
   509 | D        | Reached skill level 12 in Axes
   517 | D        | Killed a worker ant
   520 | D        | Killed a worker ant
   520 | D        | Reached XP level 7. HP: 30/66 MP: 6/6
   615 | D        | Killed a worker ant
   738 | D        | Noticed a hippogriff
   738 | D        | Noticed a hippogriff
   742 | D        | Killed a hippogriff
   749 | D        | Killed a hippogriff
   881 | D        | Noticed an electric eel
   881 | D        | Noticed an electric eel
   881 | D        | Noticed an electric eel
   881 | D        | Noticed an electric eel
   882 | D        | Noticed an electric eel
   882 | D        | Noticed an electric eel
   882 | D        | Noticed an electric eel
   884 | D        | Noticed an electric eel
   884 | D        | Noticed an electric eel
   888 | D        | Killed from afar by an electric eel

Vault maps used:
D:        the_violet_keep_of_menkaure

Action                   |  1- 3 |  4- 6 |  7- 9 || total
-------------------------+-------+-------+-------++-------
Melee: War axe           |     6 |    28 |    11 ||    45
  Eat: Bread ration      |       |       |     1 ||     1
